 Dungeon Crawl Stone Soup version 0.28.0 (webtiles) character file.

Game seed: 1270147003334373369

1772 Morbidden the Magician (level 8, -1/48 (58) HPs)
             Began as a Demonspawn Fire Elementalist on Feb 9, 2022.
             Was a Follower of Cheibriados.
             Slain by a centaur zombie (2 damage)
             ... on level 6 of the Dungeon.
             The game lasted 00:14:08 (6618 turns).

Morbidden the Magician (DsFE)                       Turns: 6618, Time: 00:14:09

HP:   -1/48 (58)    AC:  6    Str: 12    XL:     8   Next: 80%
MP:   7/17          EV: 15    Int: 21    God:    Cheibriados [*.....]
Gold: 272           SH:  0    Dex: 17    Spells: 10/19 levels left

rFire   . . .      SeeInvis .   e - staff of conjuration
rCold   . . .      Faith    .   (no shield)
rNeg    . . .      Spirit   .   o - +2 leather armour {rPois}
rPois   +          Reflect  .   d - +0 helmet
rElec   .          Harm     .   (no cloak)
rCorr   .          Rampage  .   (no gloves)
Will    .....                   (no boots)
Stlth   ++........              k - amulet of magic regeneration
HPRegen 0.16/turn               (no ring)
MPRegen 0.55/turn               (no ring)

@: mighty, heavily drained, very slow
A: repulsion field 1, powered by pain 1, weakness stinger 1
a: Renounce Religion, Bend Time


You were on level 6 of the Dungeon.
You worshipped Cheibriados.
Cheibriados was aware of your devotion.
You visited 2 branches of the dungeon, and saw 7 of its levels.

You collected 272 gold pieces.

Inventory:

Hand Weapons
 b - a +0 short sword
Missiles
 p - 4 throwing nets
 x - 6 poisoned darts (quivered)
Armour
 d - a +0 helmet (worn)
 o - a +2 leather armour of poison resistance (worn)
Magical Staves
 e - a staff of conjuration (weapon)
Jewellery
 k - an amulet of magic regeneration (around neck)
 s - an amulet of regeneration
Scrolls
 a - 2 scrolls of fog
 h - a scroll of silence {unknown}
 i - a scroll of amnesia {unknown}
 q - 3 scrolls of identify
 u - a scroll of enchant weapon {unknown}
 w - a scroll of noise {unknown}
Potions
 j - a potion of lignification
 l - 2 potions of haste
 m - 3 potions of might


   Skills:
 * Level 3.3 Fighting
 + Level 0.3 Short Blades
 + Level 1.2 Armour
 * Level 3.6 Dodging
 + Level 2.0 Stealth
 * Level 6.3 Spellcasting
 * Level 3.6 Conjurations
 * Level 1.9 Translocations
 * Level 5.4 Fire Magic
 * Level 3.4 Invocations


You had 10 spell levels left.
You knew the following spells:

 Your Spells              Type           Power      Damage    Failure   Level
a - Foxfire               Conj/Fire      100%       2x1d9     1%          1
b - Scorch                Fire           58%        2d7       1%          2
c - Flame Wave            Conj/Fire      38%        2d9       19%         4
z - Blink                 Tloc           28%        N/A       9%          2

Your spell library contained the following spells:

 Spells                   Type           Power      Damage    Failure   Level
 Magic Dart               Conj           100%       1d8       2%          1
 Conjure Flame            Conj/Fire      38%        6-21      5%          3
 Static Discharge         Conj/Air       21%        N/A       9%          2
 Slow                     Hex            24%        N/A       12%         1
 Inner Flame              Hex/Fire       18%        N/A       12%         3
 Lesser Beckoning         Tloc           14%        N/A       16%         3
 Call Imp                 Summ           6%         N/A       19%         2
 Sticky Flame             Conj/Fire      38%        2d6       19%         4
 Mephitic Cloud           Conj/Pois/Air  17%        N/A       22%         3
 Confusing Touch          Hex            6%         N/A       34%         3
 Vampiric Draining        Necr           6%         2d6       34%         3
 Hailstorm                Conj/Ice       21%        3d6       50%         4
 Dispel Undead            Necr           6%         3d8       75%         4
 Ice Form                 Ice/Tmut       6%         N/A       75%         4
 Manifold Assault         Tloc           14%        N/A       83%         5
 Simulacrum               Ice/Necr       3%         N/A       100%        6


Dungeon Overview and Level Annotations

Branches:
Dungeon (6/15)             Temple (1/1) D:5

Altars:
Ashenzari
Cheibriados
Dithmenos
Elyvilon
Fedhas
Gozag
Hepliaklqana
Kikubaaqudgha
Makhleb
Okawaru
Qazlal
Ru
Sif Muna
Trog
Uskayaw
Vehumet
Wu Jian
Xom
Yredelemnul
Zin
The Shining One

Shops:
D:2 ?


Innate Abilities, Weirdness & Mutations

You are surrounded by a mild repulsion field. (EV +2)
You sometimes gain a little power by taking damage.
You have a small tail.


Message History

The wight hits you with a +0 flail.
* * * LOW HITPOINT WARNING * * *
You feel drained. The bullfrog zombie hits you.
* * * LOW HITPOINT WARNING * * *
The wight hits you but does no damage.
The centaur zombie hits you but does no damage.
The centaur zombie kicks you but does no damage.
The wight hits you but does no damage.
Casting: Scorch (safe; 1% risk of failure)
Confirm with . or Enter, or press ? or * to list all spells.
Flames lash the orc.
You kill the orc!
Cheibriados appreciates the change of pace.
You feel less wooden.
Your +0 helmet unmelds from your body.
Your +2 leather armour of poison resistance unmelds from your body.
You feel resistant to poison.
The wight is no longer more vulnerable to fire.
The bullfrog zombie hits you.
* * * LOW HITPOINT WARNING * * *
The centaur zombie barely misses you. x2
The wight hits you but does no damage. The wight misses you.
The bullfrog zombie barely misses you. The centaur zombie hits you.
* * * LOW HITPOINT WARNING * * *
The centaur zombie misses you. The wight closely misses you.
The bullfrog zombie hits you.
* * * LOW HITPOINT WARNING * * *
The centaur zombie hits you but does no damage.
The centaur zombie misses you. The wight closely misses you.
Unknown command.
Unknown command.
Unknown command.
As you read the scroll labelled DIROYN QO NIVI, it crumbles to dust.
The creatures around you are filled with an inner flame!
It was a scroll of immolation.
The wight misses you. The bullfrog zombie barely misses you.
The centaur zombie misses you. The centaur zombie kicks you.
You die...

#...# #...#
#...# .
#####[..###..
#.......C....
#..).........
#....zz......
#...Z@Z......
#######......
..... ....
... .. .


You could see a cyclops (inner flame), 2 wights, a bullfrog zombie (inner flame)
and a centaur zombie (inner flame).

Vanquished Creatures
  Edmund (D:5)
  2 sky beasts (D:6)
  A black bear (D:3)
  An ogre (D:5)
  A centaur (D:6)
  2 bullfrogs (D:6)
  A scorpion (D:4)
  A howler monkey (D:6)
  2 wights (D:6)
  A gnoll shaman (D:5)
  2 orc priests (D:4)
  4 hounds
  Jessica (D:3)
  6 iguanas
  6 orc wizards
  A hound zombie (D:5)
  Robin (D:3)
  9 adders
  10 gnolls
  A howler monkey skeleton (D:6)
  A shadow imp (D:6)
  An ufetubus (D:5)
  A worm (D:2)
  3 dart slugs
  15 orcs
  10 endoplasms
  6 giant cockroaches
  22 goblins
  5 hobgoblins
  5 jackals (D:3)
  4 quokkas
  4 ball pythons
  2 bats
  4 frilled lizards
  7 kobolds
  4 rats
148 creatures vanquished.

Vanquished Creatures (others)
  A wight (D:6)
  607 foxfires
608 creatures vanquished.

Grand Total: 756 creatures vanquished

Notes
Turn   | Place    | Note
-------+----------+-------------------------------------------
     0 | D:1      | Morbidden the Demonspawn Fire Elementalist began the quest
                  | for the Orb.
     0 | D:1      | Reached XP level 1. HP: 13/13 MP: 3/3
   432 | D:1      | Gained mutation: You have a small tail. [demonic ancestry]
   432 | D:1      | Reached XP level 2. HP: 19/19 MP: 0/5
   980 | D:1      | Learned a level 2 spell: Scorch
  1116 | D:1      | Gained mutation: You are surrounded by a mild repulsion
                  | field. (EV +2) [demonic ancestry]
  1116 | D:1      | Reached XP level 3. HP: 23/25 MP: 2/6
  1329 | D:1      | Learned a level 2 spell: Blink
  1334 | D:2      | Found an opulent altar of Gozag.
  1650 | D:2      | Reached skill level 1 in Fighting
  1650 | D:2      | Reached XP level 4. HP: 29/32 MP: 1/8
  2036 | D:2      | Found Ruxzit's Magic Scroll Shop.
  2476 | D:3      | Noticed Jessica
  2484 | D:3      | Killed Jessica
  2485 | D:3      | Reached skill level 3 in Spellcasting
  2485 | D:3      | Gained mutation: You sometimes gain a little power by
                  | taking damage. [demonic ancestry]
  2485 | D:3      | Reached XP level 5. HP: 37/38 MP: 7/9
  2612 | D:3      | Found a faded altar of an unknown god.
  2699 | D:3      | Noticed a black bear
  2989 | D:4      | Reached XP level 6. HP: 28/44 MP: 5/11
  3899 | D:3      | Noticed Robin
  3916 | D:3      | Killed Robin
  4212 | D:3      | Reached skill level 4 in Spellcasting
  4212 | D:3      | Reached skill level 1 in Translocations
  4212 | D:3      | Reached XP level 7. HP: 40/51 MP: 6/13
  4496 | D:5      | Entered Level 5 of the Dungeon
  4731 | D:5      | Learned a level 4 spell: Flame Wave
  4782 | D:5      | Reached skill level 1 in Armour
  4823 | D:5      | Found a staircase to the Ecumenical Temple.
  4833 | D:5      | Noticed Edmund
  4845 | D:5      | Killed Edmund
  4864 | Temple   | Entered the Ecumenical Temple
  5271 | Temple   | Became a worshipper of Cheibriados the Contemplative
  5868 | D:5      | Reached skill level 5 in Spellcasting
  5868 | D:5      | Reached XP level 8. HP: 57/57 MP: 12/15
  5990 | D:6      | Reached skill level 1 in Invocations
  6042 | D:6      | Reached * piety under Cheibriados
  6045 | D:6      | Reached skill level 5 in Fire Magic
  6076 | D:6      | Noticed a boulder beetle
  6161 | D:6      | Reached skill level 6 in Spellcasting
  6613 | D:6      | Noticed a cyclops
  6617 | D:6      | HP: 1/48 [bullfrog zombie (4)]
  6618 | D:6      | Slain by a centaur zombie

Illustrated notes

Levels and vault maps discovered:
D:1:      lightli_arrival_windingriver, layout_rooms
D:2:      layout_basic, serial_shops, nicolae_shop_statue_plus, basic_altar,
          minmay_stone_trees_small
D:3:      kennysheep_goblin_castle, layout_basic,
          hellmonk_ecumenical_altar_leap_of_faith, uniq_jessica
D:4:      layout_basic
D:5:      layout_gridville, temple_pool_b, uniq_edmund
D:6:      cheibrodos_fzero, layout_basic, serial_shops, shop,
          minmay_shop_damaged
Temple:   mainiacjoe_temple_trianglar_array

Skill      XL: |  1  2  3  4  5  6  7  8 |
---------------+-------------------------+-----
Fire Magic     | 3 4 5 |  5.4
Fighting       | 1 2 3 |  3.3
Conjurations   | 2 3 |  3.6
Dodging        | 2 3 |  3.6
Spellcasting   | 3 4 5 6 |  6.3
Stealth        | 2 |  2.0
Translocations | 1 |  1.9
Armour         | 1 |  1.2
Invocations    | 3 |  3.4
Short Blades   | |  0.3

Action                   |  1- 3 |  4- 6 |  7- 9 || total
-------------------------+-------+-------+-------++-------
Melee: Unarmed           |    13 |       |       ||    13
       Short sword       |    12 |       |       ||    12
       Tailslap          |     1 |       |       ||     1
       Staff             |       |       |     1 ||     1
Throw: Dart              |       |       |     4 ||     4
 Cast: Foxfire           |    77 |   132 |   159 ||   368
       Blink             |       |     5 |       ||     5
       Scorch            |       |    19 |    49 ||    68
  Use: Scroll            |       |       |     7 ||     7
       Potion            |       |       |     6 ||     6
Armor: Robe              |    13 |     7 |       ||    20
       Leather armour    |       |     5 |    15 ||    20
       Skin              |       |       |    97 ||    97
Dodge: Dodged            |    30 |    53 |    56 ||   139
